 Dungeon Crawl Stone Soup version 0.21-a0-496-g696f58f (webtiles) character file.

163 Gildeon the Slasher (level 5, -4/41 HPs)
             Began as a Human Fighter on Nov 23, 2017.
             Slain by Ontamu's ghost (9 damage)
             ... on level 4 of the Dungeon.
             The game lasted 00:12:22 (3012 turns).

Gildeon the Slasher (Human Fighter)                 Turns: 3012, Time: 00:12:22

Health: -4/41      AC: 15    Str: 17    XL:     5   Next: 72%
Magic:  5/5        EV:  7    Int:  9    God:
Gold:   166        SH:  9    Dex: 14    Spells: 4/4 levels left

rFire    . . .     SeeInvis .   d - +0 mace (protect)
rCold    . . .     Gourm    .   c - +0 shield
rNeg     . . .     Faith    .   b - +1 scale mail
rPois    .         Spirit   .   h - +0 helmet
rElec    .         Reflect  .   (no cloak)
rCorr    .         Harm     .   (no gloves)
MR       +....                  (no boots)
Stlth    ..........             (no amulet)
HPRegen  0.13/turn              o - +2 ring of dexterity
MPRegen  0.09/turn              q - ring of protection from magic

@: protection aura
A: no striking features
a: no special abilities


You were on level 4 of the Dungeon.
You were not hungry.

You visited 1 branch of the dungeon, and saw 4 of its levels.

You collected 166 gold pieces.

Inventory:

Hand Weapons
 d - a +0 mace of protection (weapon)
Armour
 b - a +1 scale mail (worn)
 c - a +0 shield (worn)
 h - a +0 helmet (worn)
Magical Staves
 r - an uncursed staff of death
Jewellery
 i - an uncursed ring of ice
 m - an uncursed ring of protection from fire
 o - a +2 ring of dexterity (left hand)
 q - a ring of protection from magic (right hand)
Scrolls
 n - a scroll of magic mapping
Potions
 a - a potion of magic
 e - 3 potions of curing
 g - a potion of agility {unknown}
 j - a potion of lignification {unknown}
 k - a potion of flight {unknown}
 p - a potion of brilliance {unknown}
Comestibles
 f - a bread ration
 l - 2 chunks of flesh


   Skills:
 - Level 3.0 Fighting
   Level 4.7 Long Blades
 + Level 2.4 Maces & Flails
 - Level 3.0 Armour
 - Level 3.0 Shields


You had 4 spell levels left.
You didn't know any spells.

Dungeon Overview and Level Annotations

Branches:
Dungeon (4/15)
 Temple: D:4-7

Altars:

Annotations:
D:4 Ontamu's ghost, amateur HOFi


Message History

Ontamu's ghost hits you but does no damage.
You block the worm's attack.
You hit the worm.
The worm is moderately wounded.
Ontamu's ghost hits you but does no damage.
The worm bites you but does no damage.
You hit the worm.
The worm is heavily wounded.
Ontamu's ghost hits you but does no damage.
You block Ontamu's ghost's attack. The worm bites you.
You hit the worm.
The worm is severely wounded.
Ontamu's ghost hits you.
* * * LOW HITPOINT WARNING * * *
You hit the worm.
The worm is severely wounded.
You block Ontamu's ghost's attack. The worm bites you!
* * * LOW HITPOINT WARNING * * *
Ontamu's ghost hits you!
You die...

###+###..###....#
#..###....#
...........#
#...........#
#...........# ##
#+####.####...#
##..####.####.####...#
#......W....รท....'...#
#......w@...#....#...#
#...........#....#...#
##'##..#.#..#.####...#
########### #...# ....#
....# ...#


You could see a worm and Ontamu's ghost.

Vanquished Creatures
  Terence (D:3)
  A worker ant (D:4)
  4 adders
  A worm (D:2)
  A dart slug (D:1)
  3 leopard geckos
  6 orcs
  5 bats
  A bat zombie (D:1)
  2 giant cockroaches
  8 goblins
  9 hobgoblins
  4 jackals
  2 frilled lizards
  A giant cockroach zombie (D:1)
  10 kobolds
  4 rats
63 creatures vanquished.

Notes
Turn   | Place    | Note
-------+----------+-------------------------------------------
     0 | D:1      | Gildeon the Human Fighter began the quest for the Orb.
     0 | D:1      | Reached XP level 1. HP: 18/18 MP: 1/1
   150 | D:1      | Reached XP level 2. HP: 17/24 MP: 2/2
   434 | D:1      | Reached skill level 3 in Long Blades
   555 | D:1      | Reached XP level 3. HP: 29/29 MP: 3/3
  1678 | D:2      | Reached skill level 4 in Long Blades
  1678 | D:2      | Reached XP level 4. HP: 35/35 MP: 4/4
  2373 | D:3      | Noticed Terence
  2386 | D:3      | Killed Terence
  2420 | D:3      | Reached XP level 5. HP: 41/41 MP: 5/5
  2511 | D:3      | Reached skill level 1 in Maces & Flails
  2989 | D:4      | Noticed Ontamu's ghost (amateur HOFi)
  3012 | D:4      | Slain by Ontamu's ghost

Vault maps used:
D:1:      saegor_arrival_fortress
D:3:      uniq_terence
D:4:      minmay_temple_entry_statues_fountains, serial_shops, shop,
          first_bread, uniq_ijyb, uniq_robin

Skill      XL: |  1  2  3  4  5 |
---------------+----------------+-----
Long Blades    | 3 4 |  4.7
Maces & Flails | 2 |  2.4
Fighting       | |  3.0
Armour         | |  3.0
Shields        | |  3.0

Action                   |  1- 3 |  4- 6 || total
-------------------------+-------+-------++-------
Melee: Long sword        |   109 |    51 ||   160
       Mace              |       |    90 ||    90
  Use: Scroll            |     2 |     6 ||     8
       Potion            |       |     2 ||     2
  Eat: Chunk             |     3 |     4 ||     7
Armor: Scale mail        |    71 |    87 ||   158
Dodge: Dodged            |    30 |    46 ||    76
Block: Shield            |    62 |    85 ||   147
       Rpst.: Long sword |    10 |     8 ||    18

Table legend:
 A = Spawn XP
 B = Non-spawn XP
 C = Spawn XP percentage of total XP
 D = Spawn monster count
 E = Non-spawn monster count
 F = Spawn count percentage of total count
 G = Total turns spent on level
                    A         B        C        D         E        F      G
               +---------+---------+-------+---------+---------+-------+---------
         Total |       0 |     233 |   0.0 |       0 |      63 |   0.0 |  3012
               +---------+---------+-------+---------+---------+-------+---------
           D:1 |       0 |      43 |   0.0 |       0 |      25 |   0.0 |  1014
           D:2 |       0 |      54 |   0.0 |       0 |      14 |   0.0 |  1338
           D:3 |       0 |      88 |   0.0 |       0 |      21 |   0.0 |   450
           D:4 |       0 |      48 |   0.0 |       0 |       3 |   0.0 |   210
               +---------+---------+-------+---------+---------+-------+---------
